 Dungeon Crawl Stone Soup version 0.17-a0-1399-gd5b76e1 (webtiles) character file.

119 urechis the Spear-Bearer (level 5, -6/38 HPs)
             Began as a Merfolk Gladiator on June 19, 2015.
             Mangled by an orc
             ... wielding a +2 flail of protection
              (7 damage)
             ... on level 3 of the Dungeon.
             The game lasted 00:03:56 (1590 turns).

urechis the Spear-Bearer (Merfolk Gladiator)        Turns: 1590, Time: 00:03:56

Health: -6/38      AC:  4    Str: 15    XL:     5   Next: 3%
Magic:  5/5        EV: 13    Int:  8    God:
Gold:   98         SH:  0    Dex: 15    Spells: 0 memorised, 4 levels left

rFire  . . .     SeeInvis .     a - +0 trident
rCold  . . .     Clarity  .     b - +0 leather armour
rNeg   . . .     SustAt   .     (no shield)
rPois  .         Gourm    .     c - +0 helmet
rElec  .         Spirit   .     (no cloak)
rCorr  .         Warding  .     (no gloves)
rMut   .         Stasis   .     (no boots)
MR     .....                    (no amulet)
Stlth  ..........               (no ring)
                                n - ring of loudness (curse)

@: not resistant to hostile enchantments, extremely unstealthy
A: change form in water, swift swim
a: no special abilities


You were on level 3 of the Dungeon.
You were not hungry.

You visited 1 branch of the dungeon, and saw 3 of its levels.

You collected 98 gold pieces.

Inventory:

Hand weapons
 a - a +0 trident (weapon)
Missiles
 d - 4 throwing nets (quivered)
Armour
 b - a +0 leather armour (worn)
 c - a +0 helmet (worn)
Jewellery
 n - a cursed ring of loudness (left hand)
Scrolls
 g - a scroll of teleportation
 l - a scroll of recharging
Potions
 f - a potion of heal wounds {unknown}
 h - a potion of berserk rage {unknown}
 k - a potion of poison {unknown}
 m - a potion of ambrosia {unknown}
Comestibles
 e - a bread ration
 i - a royal jelly
 j - a slice of pizza


   Skills:
 - Level 2.1 Fighting
 + Level 8.0 Polearms
 - Level 2.0 Throwing
 - Level 4.0 Dodging


You had 4 spell levels left.
You didn't know any spells.

Dungeon Overview and Level Annotations

Branches:
Dungeon (3/15)

Altars:
Dithmenos
Xom
The Shining One


Message History

You are too injured to fight recklessly!
You hit the orc but do no damage.
The orc is severely wounded.
The orc barely misses you.
You closely miss the orc.
The orc is severely wounded.
The orc hits you but does no damage.
You closely miss the orc.
The orc is severely wounded.
You barely miss the orc.
The orc is severely wounded.
The orc barely misses you.
You closely miss the orc.
The orc is severely wounded.
The orc hits you with a flail of protection!
* * * LOW HITPOINT WARNING * * *
You barely miss the orc.
The orc is severely wounded.
The orc hits you with a flail of protection!
You die...

.###. ....
#######.## ...
#.o@.....#
..##.########
..#o.......#
######.#..#.....#
:.....$#o.#######
#.).o.......
#.#o.......# #
..........
.......#...


You could see an orc.

Vanquished Creatures
  2 orc wizards (D:3)
  An adder (D:2)
  An ooze (D:1)
  A worm (D:2)
  4 orcs (D:3)
  2 giant cockroaches (D:2)
  7 goblins
  11 hobgoblins
  3 jackals (D:1)
  3 kobolds
  4 bats (D:1)
  3 giant newts (D:2)
  7 rats
49 creatures vanquished.

Notes
Turn   | Place    | Note
--------------------------------------------------------------
     0 | D:1      | urechis the Merfolk Gladiator began the quest for the Orb.
     0 | D:1      | Reached XP level 1. HP: 16/16 MP: 1/1
    26 | D:1      | Reached skill level 5 in Polearms
    43 | D:1      | Reached XP level 2. HP: 17/22 MP: 2/2
   452 | D:1      | Found a shimmering altar of Xom.
   487 | D:1      | Reached XP level 3. HP: 27/27 MP: 3/3
   585 | D:1      | Reached skill level 6 in Polearms
   805 | D:2      | Found a glowing golden altar of the Shining One.
   810 | D:2      | Found a shadowy altar of Dithmenos.
  1156 | D:2      | Reached XP level 4. HP: 13/33 MP: 4/4
  1212 | D:2      | Reached skill level 7 in Polearms
  1439 | D:3      | HP: 1/33 [orc wizard/dagger (2)]
  1440 | D:3      | Reached skill level 8 in Polearms
  1440 | D:3      | Reached XP level 5. HP: 1/38 MP: 5/5
  1589 | D:3      | HP: 1/38 [orc/flail of protection (9)]
  1590 | D:3      | Mangled by an orc

Vault maps used:
D:1:      dpeg_arrival_water_altar
D:2:      amethyst_overflow_temple_binary, moated_statue
D:3:      ecumenical_altar_2, uniq_sigmund, uniq_jessica, uniq_iyjb

Action                   |  1- 3 |  4- 6 || total
-------------------------+-------+-------++-------
Melee: Trident           |   132 |    49 ||   181
  Use: Scroll            |     4 |       ||     4
 Stab: Distracted        |       |     1 ||     1
  Eat: Chunk             |     1 |     1 ||     2
